Map: Pillars of Gold LE

Players

zumpy - Winner!

  • Race: Protoss Protoss
  • League: Master
  • Spawn Location: 7:00

CholmesInk

  • Race: Zerg Zerg
  • League: Diamond
  • Spawn Location: 1:00

VOD

Have the link to the VOD?

Description

Time

  • Played on: Jan. 21, 2021, 2:09 p.m.
  • Length: 10:35
Show
View Real Time Build Order
Export as new Build Order

zumpy Protoss - Winner!

Build Orders: 1 Gate Expand 

Get SALT Encoding   

  12  0:00  Probe  
  13  0:12  Probe  
  14  0:20  Pylon  
  14  0:24  Probe  
  15  0:38  Probe (Chrono Boost)  
  15  0:40  Gateway  
  16  0:49  Probe (Chrono Boost)  
  17  0:54  Probe (Chrono Boost)  
  17  0:55  Assimilator  
  18  1:04  Probe  
  19  1:16  Probe  
  20  1:35  Nexus  
  20  1:38  Cybernetics Core  
  20  1:43  Probe  
  21  1:47  Assimilator  
  21  1:55  Probe  
  21  1:58  Pylon  
  22  2:08  Probe  
  23  2:15  Adept (Chrono Boost)  
  23  2:20  Probe  
  26  2:25  Stargate  
  26  2:37  Adept  
  26  2:42  Warp Gate, Probe  
  28  2:52  Gateway  
  28  2:54  Probe  
  28  2:56  Probe  
  30  3:07  Probe  
  29  3:22  Adept (Chrono Boost), Probe  
  29  3:24  Void Ray (Chrono Boost)  
  29  3:25  Probe  
  35  3:34  Probe  
  35  3:36  Pylon  
  35  3:37  Probe  
  37  3:46  Probe  
  38  3:48  Robotics Facility  
  38  3:50  Probe  
  38  3:52  Assimilator  
  38  3:53  Sentry  
  38  3:55  Adept  
  43  3:58  Probe  
  44  4:03  Probe  
  44  4:05  Assimilator  
  45  4:10  Probe  
  45  4:12  Void Ray  
  46  4:19  Probe  
  46  4:22  Probe  
  46  4:23  Shield Battery  
  52  4:27  Pylon  
  52  4:29  Pylon  
  52  4:31  Probe  
  53  4:38  Probe  
  53  4:42  Robotics Bay  
  53  4:45  Probe  
  55  4:50  Probe  
  56  4:58  Probe  
  57  5:03  Probe  
  57  5:04  Warp Prism (Chrono Boost)  
  58  5:10  Probe  
  58  5:11  Forge  
  61  5:14  Twilight Council  
  61  5:15  Probe  
  61  5:18  Sentry  
  64  5:22  Probe  
  64  5:27  Probe  
  66  5:32  Nexus  
  66  5:45  Sentry x2  
  70  5:58  Pylon  
  70  5:59  Pylon  
  69  6:14  Colossus (Chrono Boost)  
  69  6:16  Probe x2  
  69  6:17  Extended Thermal Lance (Chrono Boost)  
  77  6:20  Protoss Ground Weapons Level 1, Gateway  
  77  6:21  Gateway, Blink  
  77  6:24  Gateway x2  
  77  6:32  Stalker  
  79  6:48  Probe  
  79  6:49  Probe  
  81  6:57  Colossus (Chrono Boost)  
  81  6:59  Sentry  
  81  7:00  Nexus  
  74  7:19  Adept x2  
  78  7:25  Stalker x3  
  84  7:34  Shield Battery  
  84  7:36  Pylon  
  84  7:42  Gateway, Probe x2  
  86  7:45  Gateway  
  86  7:54  Probe  
  86  7:55  Sentry x2  
  86  7:56  Sentry  
  93  8:01  Pylon  
  93  8:03  Pylon  
  93  8:12  Gateway, Colossus  
  93  8:15  Adept  
  93  8:18  Stalker  
  93  8:19  Stalker x2  
  107  8:32  Adept  
  109  8:39  Charge  
  109  8:40  Probe  
  112  8:46  Stalker x2  
  112  8:47  Stalker  
  118  8:50  Zealot  
  118  8:51  Zealot  
  118  8:55  Probe x3  
  121  9:07  Observer, Stalker  
  121  9:08  Probe  
  125  9:11  Pylon  
  125  9:13  Assimilator  
  125  9:18  Assimilator  
  125  9:21  Probe  
  125  9:22  Pylon  
  114  9:27  Probe x2  
  114  9:30  Colossus  
  96  9:32  Stalker x3  
  96  9:33  Zealot x2  
  96  9:35  Probe  
  107  9:51  Probe x2  
  110  9:52  Probe  
  110  9:59  Shield Battery  
  110  10:00  Stalker x3  
  110  10:01  Gateway  
  110  10:03  Probe  
  117  10:10  Sentry x2  
Show
View Real Time Build Order
Export as new Build Order

CholmesInk Zerg 

Build Orders: Hatch First 

Get SALT Encoding   

  12  0:00  Drone  
  13  0:12  Overlord  
  13  0:23  Drone  
  14  0:31  Drone x2  
  16  0:51  Hatchery  
  16  0:54  Drone  
  16  0:58  Drone  
  16  1:01  Extractor  
  16  1:04  Drone  
  17  1:21  Spawning Pool  
  17  1:22  Drone  
  17  1:27  Drone  
  18  1:38  Drone  
  19  1:46  Drone  
  20  1:51  Overlord  
  20  2:08  Queen x2  
  22  2:09  Metabolic Boost  
  24  2:16  Zergling x4  
  24  2:21  Drone  
  27  2:23  Drone  
  28  2:47  Drone x3  
  28  2:48  Drone x3  
  34  2:59  Hatchery  
  31  3:15  Spore Crawler  
  31  3:16  Spore Crawler  
  31  3:19  Spore Crawler  
  30  3:33  Drone  
  30  3:34  Drone x4  
  35  3:39  Baneling Nest  
  34  3:51  Queen  
  34  3:52  Overlord x3  
  36  4:12  Drone x2  
  36  4:13  Drone  
  36  4:14  Drone x2  
  41  4:26  Zergling x2  
  41  4:27  Zergling x16  
  41  4:28  Zergling x2  
  41  4:29  Zergling x6  
  54  4:35  Overlord  
  54  4:36  Overlord  
  55  4:45  Zergling x4  
  55  4:46  Zergling x2  
  57  5:09  Baneling x4  
  57  5:10  Baneling x8  
  57  5:11  Zergling x2  
  57  5:12  Zergling x16  
  66  5:19  Zergling x6  
  69  5:26  Overlord  
  69  5:27  Zergling x6  
  69  5:28  Zergling x4  
  74  5:31  Overlord x2  
  70  5:47  Baneling  
  70  5:48  Zergling x2, Baneling x3  
  70  5:49  Zergling x14  
  66  6:10  Zergling x2  
  59  6:11  Zergling x16  
  64  6:19  Zergling x4  
  66  6:27  Extractor  
  66  6:28  Zergling x6  
  68  6:39  Zergling x2  
  65  6:40  Zergling x4  
  65  6:43  Queen  
  65  6:44  Queen x2  
  71  6:50  Zergling x10  
  71  6:51  Zergling x10  
  58  7:16  Zergling x24  
  67  7:27  Drone  
  67  7:44  Lair  
  67  7:45  Drone  
  67  7:47  Zergling x14  
  75  7:59  Zergling x18  
  74  8:28  Zergling x28  
  74  8:29  Zergling x2  
  85  8:35  Queen  
  85  8:39  Baneling x7  
  85  8:40  Baneling x8  
  89  8:46  Nydus Network  
  88  8:54  Zergling x2  
  88  8:55  Zergling x10  
  92  9:11  Overlord x2  
  77  9:33  Nydus Canal  
  77  9:43  Zergling x20  
  87  9:48  Hatchery  
  86  9:56  Nydus Canal  
  86  10:10  Baneling x8  
  86  10:11  Zergling x6, Baneling x5  
  86  10:12  Zergling x6  
Tags
 
Add a new tag
Caveats
  • Supply blocks, unpowered buildings, or Contaminate may cause inaccurate times.
  • Supply counts are checked every 10 seconds.